 Seeded DCSS version 0.27-a0-1591-gc56fcc985a (webtiles) character file.

Game seed: 8972593883269044693 (custom seed)

1 Zonian the Conjurer (level 1, 0/9 HPs)
             Began as a Vine Stalker Conjurer on July 20, 2021.
             Hit by a stone thrown by a kobold (1 damage)
             ... on level 1 of the Dungeon.
             The game lasted 00:00:21 (75 turns).

Zonian the Conjurer (Vine Stalker Conjurer)           Turns: 75, Time: 00:00:22

Health: 0/9        AC:  2    Str:  9    XL:     1   Next: 20%
Magic:  0/4        EV: 12    Int: 18    God:
Gold:   0          SH:  0    Dex: 12    Spells: 3/4 levels left

rFire    . . .     SeeInvis .   (no weapon)
rCold    . . .     Faith    .   (no shield)
rNeg     . . .     Spirit   +   a - +0 robe
rPois    .         Reflect  .   (no helmet)
rElec    .         Harm     .   (no cloak)
rCorr    .         Rampage  .   (no gloves)
Will     .....                  (no boots)
Stlth    ++........             (no amulet)
HPRegen  0.03/turn              (no ring)
MPRegen  0.09/turn              (no ring)

@: no status effects
A: fangs 2, magic shield, antimagic bite, no potion heal 2
a: no special abilities


You were on level 1 of the Dungeon.
You visited 1 branch of the dungeon, and saw 1 of its levels.

Inventory:

Armour
 a - a +0 robe (worn)
Scrolls
 b - 2 scrolls of immolation {unknown}


   Skills:
 + Level 1.5 Dodging
 + Level 2.4 Stealth
 + Level 2.1 Spellcasting
 + Level 4.0 Conjurations


You had 3 spell levels left.
You knew the following spells:

 Your Spells              Type           Power      Damage    Failure   Level
a - Magic Dart            Conj           64%        1d6       3%          1

Your spell library contained the following spells:

 Spells                   Type           Power      Damage    Failure   Level
 Searing Ray              Conj           32%        3d4       4%          2
 Dazzling Flash           Conj/Hex       18%        N/A       22%         3
 Fulminant Prism          Conj/Hex       4%         3d6       58%         4
 Iskenderun's Mystic Bla  Conj/Tloc      9%         2d4       58%         4


Dungeon Overview and Level Annotations

Branches:
Dungeon (1/15)

Altars:


Innate Abilities, Weirdness & Mutations

You have extremely sharp teeth.
When hurt, damage is shared between your health and your magic reserves.
Your bite disrupts and absorbs the magic of your enemies.
Potions cannot restore your health.


Message History

Press ? for a list of commands and other information.
Found a robe.
Found a staircase leading out of the dungeon.
You open the door.
There is an open door here.
Found 2 scrolls labelled ETOERE LYMNOEDD.
b - 2 scrolls labelled ETOERE LYMNOEDD
Found 10 stones.
A kobold comes into view. It is wielding a +0 whip.
The kobold shouts!
You hear a shout!
A kobold comes into view. It is wielding a +0 club.
The kobold shouts!
The kobold misses you.
You closely miss the kobold. The kobold hits you with a +0 whip.
You barely miss the kobold. You bite the kobold, but do no damage.
The kobold hits you with a +0 whip.
You are too injured to fight recklessly!
You are too injured to fight recklessly!
The kobold barely misses you.
The kobold throws a stone.
The stone closely misses you.
An endoplasm comes into view.
The endoplasm quivers.
Casting: Magic Dart (safe; 3% risk of failure)
Confirm with . or Enter, or press ? or * to list all spells.
You don't know that spell.
Unknown command.
Casting: Magic Dart (safe; 3% risk of failure)
Confirm with . or Enter, or press ? or * to list all spells.
Aiming: Magic Dart (safe; 3% risk of failure)
Press: ? - help, Shift-Dir - straight line, f - kobold
Aim: a kobold, wielding a +0 whip (100% to hit)
The magic dart hits the kobold.
You kill the kobold!
Unknown command.
The kobold hits you but does no damage. The kobold completely misses you.
The kobold hits you with a +0 club.
* * * LOW HITPOINT WARNING * * *
The kobold throws a stone.
The stone hits you.
You die...

.##### ..##
.....# ..#
.###'### #.#
.#.....# ##.###
.#.[...#
#.)..##
.#.8<8.#
#J....#
.#.....#
#K....#
.#######
#.....# .#
#@....# .#
#########.....#
.#
#............(#
.#
#.##########.##
.## #.#
#........ ..+
#.# ##.......
.## #.# .......
.# #.# .......
.# #.# #.#.###


You could see an endoplasm and a kobold.

Vanquished Creatures
  A kobold (D:1)
1 creature vanquished.

Notes
Turn   | Place    | Note
-------+----------+-------------------------------------------
     0 | D:1      | Zonian the Vine Stalker Conjurer began the quest for the
                  | Orb.
     0 | D:1      | Reached XP level 1. HP: 9/9 MP: 4/4
    75 | D:1      | Hit by a stone thrown by a kobold

Illustrated notes

Levels and vault maps discovered:
D:1:      dpeg_arrival_renting, layout_basic,
          hellmonk_ecumenical_altar_arch_garden, minmay_misc_feat_room

Action                   || total
-------------------------++-------
Melee: Unarmed           ||     2
       Bite              ||     1
 Cast: Magic Dart        ||     1
Armor: Robe              ||     1
Dodge: Dodged            ||     4

Table legend: (Time is in decaauts)
 A = Elapsed time spent in this place.
 B = Non-inter-level travel time spent in this place.
 C = Inter-level travel time spent in this place.
 D = Time resting spent in this place.
 E = Time spent auto-exploring this place.
 F = Levels seen in this place.
 G = Mean time per level.
                   A        B        C        D        E       F      G
               +--------+--------+--------+--------+--------+-----+--------+
         Total |     75 |     75 |      0 |      0 |      0 |   1 |   75.0 |
       Dungeon |     75 |     75 |      0 |      0 |      0 |   1 |   75.0 |
               +--------+--------+--------+--------+--------+-----+--------+

Top non-repeatable levels by time:
     D:1: 75 daAuts
